 Dungeon Crawl Stone Soup version 0.28-a0-390-gb254ac4902 (webtiles) character file.

Game seed: 9872001924176149454

56 hatdisgam the Shield-Bearer (level 3, -1/19 HPs)
             Began as a Vine Stalker Fighter on Sept 4, 2021.
             Succumbed to an adder's poison
             ... on level 2 of the Dungeon.
             The game lasted 00:01:44 (1631 turns).

hatdisgam the Shield-Bearer (Vine Stalker Fighter)  Turns: 1631, Time: 00:01:44

Health: -1/19      AC:  6    Str: 18    XL:     3   Next: 95%
Magic:  1/4        EV:  9    Int:  9    God:
Gold:   42         SH:  4    Dex: 13    Spells: 2/2 levels left

rFire   . . .      SeeInvis .   a - +0 long sword
rCold   . . .      Faith    .   c - +0 buckler
rNeg    . . .      Spirit   +   b - +0 scale mail
rPois   .          Reflect  .   (no helmet)
rElec   .          Harm     .   (no cloak)
rCorr   .          Rampage  .   (no gloves)
Will    .....                   (no boots)
Stlth   ..........              (no amulet)
HPRegen 0.06/turn               (no ring)
MPRegen 0.09/turn               (no ring)

@: lethally poisoned (-1 -> -6)
A: fangs 2, magic shield, antimagic bite, no potion heal 2
a: no special abilities


You were on level 2 of the Dungeon.
You visited 1 branch of the dungeon, and saw 2 of its levels.

You collected 42 gold pieces.

Inventory:

Hand Weapons
 a - a +0 long sword (weapon)
Armour
 b - a +0 scale mail (worn)
 c - a +0 buckler (worn)
 i - a +0 kite shield
Wands
 l - a wand of iceblast (10)
Scrolls
 f - a scroll of blinking {unknown}
 g - 3 scrolls of identify {unknown}
 j - a scroll of teleportation {unknown}
 o - a scroll of noise {unknown}
Potions
 d - a potion of might
 e - a potion of curing {unknown}
 h - 2 potions of degeneration {unknown}
 k - a potion of attraction {unknown}
 m - a potion of invisibility {unknown}
 n - a potion of flight {unknown}


   Skills:
 - Level 2.6 Fighting
 * Level 2.9 Long Blades
 - Level 2.4 Armour
 + Level 1.1 Dodging
 + Level 3.1 Shields


You had 2 spell levels left.
You didn't know any spells.
Your spell library contained the following spells:

 Spells                   Type           Power      Damage    Failure   Level
 Magic Dart               Conj           0%         1d3       82%         1
 Call Imp                 Summ           0%         N/A       91%         2
 Mephitic Cloud           Conj/Pois/Air  0%         N/A       99%         3


Dungeon Overview and Level Annotations

Branches:
Dungeon (2/15)

Altars:
Wu Jian


Innate Abilities, Weirdness & Mutations

You have extremely sharp teeth.
When hurt, damage is shared between your health and your magic reserves.
Your bite disrupts and absorbs the magic of your enemies.
Potions cannot restore your health.


Message History

The adder is almost dead.
You block the adder's attack.
You closely miss the adder. Your bite misses the adder.
The adder is almost dead.
The adder barely misses you. The adder closely misses you.
You closely miss the adder. Your bite misses the adder.
The adder is almost dead.
The adder bites you but does no damage. The adder barely misses you.
You barely miss the adder. Your bite misses the adder.
The adder is almost dead.
You block the adder's attack.
You closely miss the adder. Your bite misses the adder.
The adder is almost dead.
The adder bites you. You block the adder's attack.
You miss the adder. You bite the adder, but do no damage.
The adder is almost dead.
The adder barely misses you.
You hit the adder but do no damage. Your bite misses the adder.
The adder is almost dead.
The adder closely misses you. The adder bites you but does no damage.
You barely miss the adder. Your bite misses the adder.
The adder is almost dead.
The adder completely misses you. The adder bites you.
* * * LOW HITPOINT WARNING * * *
You miss the adder.
The adder is almost dead.
The adder bites you but does no damage.
You hit the adder but do no damage.
The adder is almost dead.
The adder bites you.
* * * LOW HITPOINT WARNING * * *
You are lethally poisoned!
The adder poisons you! The adder barely misses you.
You closely miss the adder.
The adder is almost dead.
* * * LOW HITPOINT WARNING * * *
You feel sick. The adder closely misses you. x2
You hit the adder.
You kill the adder!
You die...

......# #.......#
...##.#######.##.##.#
...........## #.##.#
#..........# #.##.#
##.........## #.##.#
##........##.##.##.#
##.........##.......#
#.#........#####.####
...........# #@#
############ #..#
##.# ## .# .# .# .##
# .# ..###.... .#
.......# .# .####....


There were no monsters in sight!

Vanquished Creatures
  3 adders (D:2)
  2 dart slugs
  4 ball pythons
  2 bats
  3 endoplasms
  A giant cockroach (D:1)
  4 hobgoblins
  A quokka (D:1)
  A frilled lizard (D:2)
  6 goblins
  2 kobolds
  3 rats
32 creatures vanquished.

Notes
Turn   | Place    | Note
-------+----------+-------------------------------------------
     0 | D:1      | hatdisgam the Vine Stalker Fighter began the quest for the
                  | Orb.
     0 | D:1      | Reached XP level 1. HP: 11/11 MP: 2/2
   446 | D:1      | Reached XP level 2. HP: 8/16 MP: 3/3
  1196 | D:2      | Found an ornate altar of the Wu Jian Council.
  1233 | D:2      | Reached skill level 3 in Shields
  1233 | D:2      | Reached XP level 3. HP: 19/19 MP: 4/4
  1260 | D:2      | Reached skill level 1 in Dodging
  1631 | D:2      | Succumbed to an adder's poison

Illustrated notes

Levels and vault maps discovered:
D:1:      dpeg_arrival_boxorama, layout_loops_ring
D:2:      layout_loops_cross, basic_altar

Skill      XL: |  1  2  3 |
---------------+----------+-----
Long Blades    | 2 |  2.9
Shields        | 3 |  3.1
Dodging        | 1 |  1.1
Fighting       | |  2.6
Armour         | |  2.4

Action                   || total
-------------------------++-------
Melee: Long sword        ||    93
       Bite              ||     9
  Use: Potion            ||     1
Armor: Scale mail        ||    46
Dodge: Dodged            ||    53
Block: Buckler           ||    14

Table legend: (Time is in decaauts)
 A = Elapsed time spent in this place.
 B = Non-inter-level travel time spent in this place.
 C = Inter-level travel time spent in this place.
 D = Time resting spent in this place.
 E = Time spent auto-exploring this place.
 F = Levels seen in this place.
 G = Mean time per level.
                   A        B        C        D        E       F      G
               +--------+--------+--------+--------+--------+-----+--------+
         Total |   1658 |   1624 |     34 |      0 |   1375 |   2 |  829.0 |
       Dungeon |   1658 |   1624 |     34 |      0 |   1375 |   2 |  829.0 |
               +--------+--------+--------+--------+--------+-----+--------+

Top non-repeatable levels by time:
     D:1: 1210 daAuts
     D:2: 447 daAuts
